 Dungeon Crawl Stone Soup version 0.17.1-2-g5865329 (webtiles) character file.

3089 Gargoyl the Skirmisher (level 9, 0/72 HPs)
             Began as a Demonspawn Abyssal Knight on Feb 4, 2016.
             Was a Priest of Lugonu.
             Slain by a six-headed hydra (8 damage)
             ... on level 1 of the Lair of Beasts.
             The game lasted 00:17:55 (8925 turns).

Gargoyl the Skirmisher (Demonspawn Abyssal Knight)  Turns: 8925, Time: 00:17:55

Health: 0/72       AC: 20    Str: 19    XL:     9   Next: 59%
Magic:  11/11      EV:  6    Int: 13    God:    Lugonu [***...]
Gold:   579        SH:  8    Dex: 10    Spells: 0 memorised, 8 levels left

rFire  . . .     SeeInvis .     a - +0 war axe
rCold  . . .     Clarity  .     r - +0 plate armour
rNeg   . . .     SustAt   .     u - +0 shield
rPois  +         Gourm    .     (helmet restricted)
rElec  .         Spirit   .     C - +0 cloak
rCorr  .         Warding  .     i - +2 pair of gloves
rMut   .         Stasis   .     m - +2 pair of boots
MR     .....                    (no amulet)
Stlth  ..........               (no ring)
                                (no ring)

@: not resistant to hostile enchantments, extremely unstealthy
A: horns 1, repulsion field 1, camouflage 1, clumsy 1, foul stench 1, poison
resistance, strong 1, rot immunity
a: Depart the Abyss, Bend Space, Banish, Renounce Religion


You were on level 1 of the Lair of Beasts.
You worshipped Lugonu.
Lugonu was most pleased with you.
You were not hungry.

You visited 2 branches of the dungeon, and saw 9 of its levels.
You visited the Abyss 1 time.

You collected 579 gold pieces.

Inventory:

Hand Weapons
 a - a +0 war axe (weapon)
 c - a +0 flail
 p - a +1 vampiric hand axe
 q - a +0 blowgun
Missiles
 n - 16 poisoned needles
 t - 14 tomahawks (quivered)
Armour
 i - a +2 pair of gloves (worn)
 m - a +2 pair of boots (worn)
 r - a +0 plate armour (worn)
 u - a +0 shield (worn)
 C - a +0 cloak (worn)
Jewellery
 s - an uncursed ring of teleportation
Wands
 e - a wand of fireball (7)
 A - a wand of confusion (24)
 G - a wand of paralysis (12)
Scrolls
 d - 2 scrolls of identify
 f - a scroll of fog
 g - 3 scrolls of enchant armour
 h - 6 scrolls of remove curse
 l - a scroll of random uselessness {unknown}
 x - 3 scrolls of recharging
 y - 3 scrolls of blinking
Potions
 k - a potion of might
 o - a potion of cure mutation {unknown}
 w - a potion of brilliance
 z - a potion of magic
 H - a potion of beneficial mutation {unknown}
Books
 v - a book of the Sky

   Spells                             Type                      Level
   a - Summon Lightning Spire         Summoning/Air                4
   b - Airstrike                      Air                          4
   c - Silence                        Hexes/Air                    5
   d - Deflect Missiles               Charms/Air                   6
   e - Conjure Ball Lightning         Conjuration/Air              6
   f - Tornado                        Air                          9
Comestibles
 j - 3 meat rations
 D - 9 royal jellies
 E - 3 beef jerkies


   Skills:
 + Level 7.6 Fighting
 + Level 6.2 Axes
 + Level 1.2 Throwing
 + Level 6.6 Armour
 + Level 4.1 Dodging
 + Level 0.8 Stealth
 + Level 2.7 Shields
 + Level 3.4 Invocations
 + Level 0.2 Evocations


You had 8 spell levels left.
You didn't know any spells.

Dungeon Overview and Level Annotations

Branches:
Dungeon (8/15)             Temple (0/1) D:4            Lair (1/8) D:8

Altars:
Makhleb
Nemelex Xobeh
Okawaru
Qazlal
Trog
Xom
Zin
The Shining One

Shops:
D:6 %


Innate Abilities, Weirdness & Mutations

You have a pair of small horns on your head.
You are surrounded by a mild repulsion field (EV +2).
You may emit foul miasma when damaged in melee.
You are immune to rotting.
Your skin changes colour to match your surroundings (Stealth).
You are clumsy. (Dex -2)
Your system is resistant to poisons.
Your muscles are strong. (Str +2)


Message History

* * * LOW HITPOINT WARNING * * *
You feel sick.
* * * LOW HITPOINT WARNING * * *
You feel sick.
Drink which item? (? for menu, Esc to quit)
You feel better. The six-headed hydra bites you.
* * * LOW HITPOINT WARNING * * *
The six-headed hydra bites you.
* * * LOW HITPOINT WARNING * * *
The six-headed hydra bites you but does no damage.
The six-headed hydra bites you.
* * * LOW HITPOINT WARNING * * *
You block the six-headed hydra's attack.
The six-headed hydra bites you but does no damage.
Press: ? - help, Shift-Dir - straight line, f/p - six-headed hydra
Aim: a six-headed hydra (sick, chance to defeat MR: 34%)
You fail to use your ability.
The six-headed hydra bites you but does no damage.
The six-headed hydra bites you!
You die...

.........................
...#..........S...........##
#+P#.......................#
..........#########.......#
..........# #.......##
..........# #........#
..........# #....!..#
..........#########.ยง.....#
................@DF.......#
##.#####P##....###.###.P..#
#### ###..#..........#.# #.
#..........# +..........#
#..........P. #............
#..........P. #..........#.


You could see a six-headed hydra and a spiny frog.

Vanquished Creatures
  Maurice (D:8)
  Grinder (D:5)
  A soldier ant (D:8)
  A sky beast (D:7)
  An orc warrior (D:6)
  A wasp (D:8)
  3 centaurs
  2 ice beasts
  An ogre (D:8)
  A spider (D:8)
  A phantom (D:7)
  A brain worm (D:8)
  A gnoll sergeant (D:7)
  3 giant frogs
  A scorpion (D:5)
  2 crimson imps
  A jelly (D:5)
  A giant frog skeleton (D:4)
  A giant frog zombie (D:6)
  2 hounds
  4 orc priests
  6 orc wizards
  A centaur skeleton (D:5)
  4 iguanas
  Terence (D:3)
  4 worker ants
  2 hound skeletons
  10 adders
  13 gnolls
  2 shadow imps
  An ooze (D:2)
  An adder skeleton (D:5)
  A worm (D:3)
  20 orcs
  5 bats
  3 giant cockroaches
  3 goblins (D:3)
  4 hobgoblins
  9 jackals
  A ball python skeleton (D:4)
  A giant gecko (D:1)
  4 giant newts
  5 kobolds
  A quokka zombie (D:8)
  5 rats
  2 fungi (D:8)
140 creatures vanquished.

Notes
Turn   | Place    | Note
--------------------------------------------------------------
     0 | Abyss:1  | Gargoyl the Demonspawn Abyssal Knight began the quest for the Orb.
     0 | Abyss:1  | Reached XP level 1. HP: 18/18 MP: 2/2
    20 | Abyss:1  | Noticed an iron imp
    36 | Abyss:2  | Found a corrupted altar of Lugonu.
    94 | Abyss:2  | Noticed a small abomination
    98 | Abyss:2  | Noticed a raiju
   100 | Abyss:2  | Noticed a rakshasa
   100 | D:1      | Escaped the Abyss
   791 | D:1      | Reached skill level 1 in Dodging
  1206 | D:2      | Gained mutation: You are surrounded by a mild repulsion field (EV +2). [demonic ancestry]
  1206 | D:2      | Reached XP level 2. HP: 18/24 MP: 4/4
  1386 | D:2      | Gained mutation: You have a pair of small horns on your head. [demonic ancestry]
  1386 | D:2      | Reached XP level 3. HP: 12/29 MP: 5/5
  1798 | D:2      | Found a sparkling altar of Nemelex Xobeh.
  1961 | D:3      | Noticed Terence
  1994 | D:3      | Killed Terence
  1994 | D:3      | Reached skill level 4 in Fighting
  1994 | D:3      | Gained mutation: You are immune to rotting. [demonic ancestry]
  1994 | D:3      | Reached XP level 4. HP: 24/37 MP: 6/6
  2187 | D:3      | Reached * piety under Lugonu
  2552 | D:3      | Reached XP level 5. HP: 22/43 MP: 7/7
  3420 | D:4      | Found an iron altar of Okawaru.
  3703 | D:4      | Found a staircase to the Ecumenical Temple.
  3960 | D:4      | Gained mutation: You may emit foul miasma when damaged in melee. [demonic ancestry]
  3960 | D:4      | Reached XP level 6. HP: 43/49 MP: 8/8
  3972 | D:5      | Entered Level 5 of the Dungeon
  4007 | D:5      | Found a glowing golden altar of the Shining One.
  4066 | D:5      | Reached ** piety under Lugonu
  4100 | D:5      | HP: 2/50 [acid (11)]
  4105 | D:5      | Reached skill level 5 in Fighting
  4366 | D:5      | Reached XP level 7. HP: 16/56 MP: 9/9
  4669 | D:5      | Found a stormy altar of Qazlal.
  4719 | D:5      | Found a glowing silver altar of Zin.
  4719 | D:5      | Found a burning altar of Makhleb.
  4720 | D:5      | Noticed a balrug
  4720 | D:5      | Noticed an angel
  4874 | D:5      | Found a glowing golden altar of the Shining One.
  4920 | D:5      | Noticed Grinder
  4923 | D:5      | Paralysed by Grinder for 3 turns
  4935 | D:5      | Paralysed by Grinder for 5 turns
  4951 | D:5      | Paralysed by Grinder for 5 turns
  4957 | D:5      | Gained mutation: Your skin changes colour to match your surroundings (Stealth). [potion of mutation]
  4957 | D:5      | Gained mutation: Your muscles are strong. (Str +2) [potion of mutation]
  4957 | D:5      | Gained mutation: Your system is resistant to poisons. [potion of mutation]
  4962 | D:5      | Paralysed by Grinder for 2 turns
  4974 | D:5      | Killed Grinder
  5451 | D:5      | Found a glowing golden altar of the Shining One.
  5468 | D:5      | Reached XP level 8. HP: 64/64 MP: 10/10
  5475 | D:5      | Found a shimmering altar of Xom.
  5745 | D:6      | Reached skill level 6 in Fighting
  5745 | D:6      | Reached skill level 5 in Armour
  6319 | D:6      | Found Doicuapt's Food Shoppe.
  6870 | D:7      | Reached *** piety under Lugonu
  6870 | D:7      | Reached skill level 5 in Axes
  7071 | D:7      | Gained mutation: You are clumsy. (Dex -2) [mutagenic meat]
  7099 | D:7      | Reached skill level 7 in Fighting
  7221 | D:7      | Reached skill level 1 in Shields
  7221 | D:7      | Reached XP level 9. HP: 72/72 MP: 11/11
  7474 | D:8      | Noticed Maurice
  7489 | D:8      | Killed Maurice
  7783 | D:8      | Found a staircase to the Lair.
  8250 | D:8      | Found a bloodstained altar of Trog.
  8395 | D:8      | Reached skill level 1 in Throwing
  8774 | Lair:1   | Entered Level 1 of the Lair of Beasts
  8862 | Lair:1   | Noticed a six-headed hydra
  8901 | Lair:1   | Noticed a spiny frog
  8925 | Lair:1   | Slain by a six-headed hydra

Action                   |  1- 3 |  4- 6 |  7- 9 || total
-------------------------+-------+-------+-------++-------
Melee: Hand axe          |    89 |   228 |   472 ||   789
       War axe           |       |       |    13 ||    13
 Fire: Blowgun           |       |       |     3 ||     3
Throw: Tomahawk          |       |       |     8 ||     8
Invok: Depart the Abyss  |     1 |       |       ||     1
Evoke: Wand              |     1 |       |     1 ||     2
  Use: Scroll            |       |    12 |     3 ||    15
       Potion            |       |     3 |     8 ||    11
  Eat: Bread ration      |     2 |       |     1 ||     3
       Chunk             |       |     7 |     5 ||    12
       Meat ration       |       |       |     1 ||     1
       Fruit             |       |       |     3 ||     3
